 Dungeon Crawl Stone Soup version 0.29.0-11-gd7f09526c8 (webtiles) character file.

Game seed: 6059591889757121628

5 unlimited1921 the Chopper (level 1, 0/23 HPs)
             Began as a Gnoll Cinder Acolyte on Sept 4, 2022.
             Was a High Priest of Ignis.
             Slain by a rat (2 damage)
             ... on level 1 of the Dungeon.
             The game lasted 00:00:53 (241 turns).

unlimited1921 the Chopper (Gnoll Cinder Acolyte)     Turns: 241, Time: 00:00:54

Health: 0/23       AC:  2    Str: 12 (13) XL:     1   Next: 80%
Magic:  4/4        EV: 11    Int: 12 (13) God:    Ignis [*****.]
Gold:   0          SH:  0    Dex:  5 (7)  Spells: 5/5 levels left

rFire   + . .      SeeInvis .   a - -1 hand axe (flame)
rCold   . . .      Faith    .   (no shield)
rNeg    . . .      Spirit   .   b - +0 robe
rPois   .          Reflect  .   (no helmet)
rElec   .          Harm     .   (no cloak)
rCorr   .          Rampage  .   (no gloves)
Will    .....                   (no boots)
Stlth   +.........              (no amulet)
HPRegen 0.07/turn               (no ring)
MPRegen 0.09/turn               (no ring)

@: no status effects
A: fangs 1, strong nose, distributed training
a: Renounce Religion, Fiery Armour, Foxfire Swarm, Rising Flame


You were on level 1 of the Dungeon.
You worshipped Ignis.
Ignis was extremely pleased with you.
You visited 1 branch of the dungeon, and saw 1 of its levels.

Inventory:

Hand Weapons
 a - a -1 hand axe of flaming (weapon)
Missiles
 d - a stone (quivered)
Armour
 b - a +0 robe (worn)
Potions
 c - a potion of degeneration


   Skills:
 + Level 6.4 Fighting
 + Level 0.1 Short Blades
 + Level 0.1 Long Blades
 + Level 6.4 Axes
 + Level 0.1 Maces & Flails
 + Level 0.1 Polearms
 + Level 0.1 Staves
 + Level 0.1 Ranged Weapons
 + Level 0.1 Throwing
 + Level 0.1 Armour
 + Level 0.1 Dodging
 + Level 0.1 Stealth
 + Level 0.1 Shields
 + Level 0.1 Unarmed Combat
 + Level 2.6 Spellcasting
 + Level 0.1 Conjurations
 + Level 0.1 Hexes
 + Level 0.1 Summonings
 + Level 0.1 Necromancy
 + Level 0.1 Translocations
 + Level 0.1 Transmutations
 + Level 5.3 Fire Magic
 + Level 0.1 Ice Magic
 + Level 0.1 Air Magic
 + Level 0.1 Earth Magic
 + Level 0.1 Poison Magic
 + Level 0.2 Invocations
 + Level 0.1 Evocations


You had 5 spell levels left.
You didn't know any spells.
Your spell library contained the following spells:

 Spells                   Type           Power      Damage    Failure   Level
 Scorch                   Fire           28%        2d6       4%          2


Dungeon Overview and Level Annotations

Branches:
Dungeon (1/15)

Altars:


Innate Abilities, Weirdness & Mutations

You have very sharp teeth.
Your uncanny sense of smell can sniff out nearby items.
Your experience applies equally to all skills.


Message History

The bat hits you. The bat barely misses you. The bat barely misses you.
You miss the bat. Your bite misses the bat. The bat closely misses you. x2
You barely miss the bat. The bat hits you.
The rat bites you but does no damage. The bat hits you.
You hit the rat but do no damage. You hit the bat. You burn the bat.
The bat hits you. The rat closely misses you.
You slash the bat! You burn the bat.
You kill the bat!
You hit the rat but do no damage. The rat bites you.
You are too injured to fight recklessly!
You are too injured to fight recklessly!
You are too injured to fight recklessly!
You are too injured to fight recklessly!
The rat attacks as you move away! The rat bites you. The rat barely misses you.
The rat attacks as you move away! The rat bites you.
The rat attacks as you move away! The rat barely misses you.
The rat twitches its whiskers.
You don't know any spells.
Unknown command.
Unknown command.
You don't know any spells.
Unknown command.
Unknown command.
Unknown command.
It was a potion of degeneration.
There was something very wrong with that liquid.
You feel weakened.
You feel dopey.
You feel clumsy. The rat barely misses you. The rat attacks as you move away!
The rat closely misses you. The rat bites you.
The rat attacks as you move away! The rat bites you.
* * * LOW HITPOINT WARNING * * *
The rat attacks as you move away! The rat bites you.
* * * LOW HITPOINT WARNING * * *
The rat attacks as you move away! The rat bites you.
* * * LOW HITPOINT WARNING * * *
The rat attacks as you move away! The rat bites you.
You die...

.. #..# .# #..#
.####.†################
.....)................#
.#######.############.#
.........##.........#.#
..######.##.#######.#.#
....####.##.#######.#.#
..#......##.....@r...)#
..####+####.#######.###
..#.......#.# #.#
..#.8.8.8.#.# #.#
..#.......#.# #.#
..+.8.<.8.'.# #.#
..#.......#.# #.#
..#.8.8.8.#.# #.#
..#.......#.# #.#


You could see a rat.

Vanquished Creatures
  A goblin (D:1)
  A ball python (D:1)
  A bat (D:1)
  A frilled lizard (D:1)
  2 kobolds (D:1)
  A rat (D:1)
7 creatures vanquished.

Notes
Turn   | Place    | Note
-------+----------+-------------------------------------------
     0 | D:1      | unlimited1921 the Gnoll Cinder Acolyte began the quest for
                  | the Orb.
     0 | D:1      | Reached XP level 1. HP: 23/23 MP: 4/4
   241 | D:1      | Slain by a rat

Illustrated notes

Levels and vault maps discovered:
D:1:      doesnt_arrival_eight_statues, layout_basic, due_unseen_surprise

Action                   || total
-------------------------++-------
Melee: Hand axe          ||    16
  Use: Potion            ||     1
Armor: Robe              ||     6
Dodge: Dodged            ||    15
